[ AOE2 MATCH · #489005905 ]
UnrankedAztecs vs Ethiopians
[ REPLAY ANALYSIS · EXTRACTED FROM THE RECORDED GAME ]
Feudal
12:50
Castle
—
Imperial
—
| APM avg | 49.6 |
| APM peak | 62 |
| eAPM avg | 23.0 |
| Villagers / military | 23 / 1 |
Focus
⚔️ 45.6% · 🌾 54.4%
Fishing Ship ×7 · Eagle Scout ×1
Feudal
13:23
Castle
—
Imperial
—
| APM avg | 31.2 |
| APM peak | 43 |
| eAPM avg | 17.6 |
| Villagers / military | 40 / 0 |
Focus
⚔️ 34.8% · 🌾 65.2%
Fishing Ship ×17 · Unknown (2626) ×2
Feudal
14:10
Castle
—
Imperial
—
| APM avg | 32.9 |
| APM peak | 57 |
| eAPM avg | 18.0 |
| Villagers / military | 24 / 0 |
Focus
⚔️ 29.2% · 🌾 70.8%
Fishing Ship ×6
Feudal
11:17
Castle
—
Imperial
—
| APM avg | 52.5 |
| APM peak | 92 |
| eAPM avg | 16.8 |
| Villagers / military | 27 / 6 |
Focus
⚔️ 42.2% · 🌾 57.8%
Fishing Ship ×6 · Fire Galley ×4 · Spearman ×2
Match map
Initial resources + every placement click. Lines = walls · curves = elevation contours. ◆ gold · ⬟ stone · ● berries · ✦ relic · ◌ wall gap
Your base· Open — unwalled flank
DaddyWonder's base· Open — unwalled flank
TAG_Smiley's base· Open — unwalled flank
BoyWonder_'s base· Open — unwalled flank
Smoothed initial terrain · ◌ = detected wall gap · hover for details
Inputs per minute
— TAG_Sitaux - - DaddyWonder
Build order — TAG_Sitaux
48 actions detected in the replay
| 0:58 | Build | Town Center |
| 2:03 | Build | House |
| 2:31 | Create | Villager (Male) |
| 2:31 | Create | Villager (Male) |
| 2:31 | Create | Villager (Male) |
| 2:32 | Create | Villager (Male) |
| 3:18 | Build | Dock |
| 4:04 | Create | Villager (Male) |
| 4:18 | Build | House |
| 4:31 | Research | Loom |
| 4:53 | Create | Fishing Ship |
| 4:55 | Create | Villager (Male) |
| 4:55 | Create | Villager (Male) |
| 5:29 | Create | Villager (Male) |
| 5:45 | Create | Villager (Male) |
| 5:49 | Create | Fishing Ship |
| 5:49 | Create | Fishing Ship |
| 5:59 | Build | House |
| 6:16 | Create | Villager (Male) |
| 6:46 | Create | Fishing Ship |
| 6:48 | Create | Villager (Male) |
| 7:12 | Create | Villager (Male) |
| 7:12 | Create | Villager (Male) |
| 7:16 | Create | Fishing Ship |
| 7:25 | Build | House |
| 7:37 | Create | Villager (Male) |
| 7:51 | Create | Villager (Male) |
| 8:01 | Create | Villager (Male) |
| 8:19 | Create | Fishing Ship |
| 8:21 | Create | Villager (Male) |
| 8:37 | Build | House |
| 8:45 | Create | Villager (Male) |
| 9:00 | Create | Fishing Ship |
| 9:16 | Create | Villager (Male) |
| 10:03 | Build | Mining Camp |
| 10:04 | Create | Villager (Male) |
| 10:39 | Research | Feudal Age |
| 11:06 | Build | Mill |
| 11:46 | Create | Villager (Male) |
| 11:52 | Build | Barracks |
| 12:50 | Age | Feudal Age |
| 12:53 | Build | Market |
| 12:57 | Build | House |
| 12:57 | Create | Eagle Scout |
| 13:03 | Build | House |
| 13:06 | Create | Villager (Male) |
| 13:27 | Build | Blacksmith |
| 13:28 | Create | Villager (Male) |
Build order — DaddyWonder
83 actions detected in the replay
| 0:41 | Build | Town Center |
| 1:06 | Build | House |
| 2:15 | Create | Villager (Male) |
| 2:15 | Create | Villager (Male) |
| 2:16 | Create | Villager (Male) |
| 2:16 | Create | Villager (Male) |
| 2:32 | Build | Dock |
| 3:32 | Create | Fishing Ship |
| 3:56 | Research | Loom |
| 4:16 | Create | Villager (Male) |
| 4:18 | Build | House |
| 4:52 | Create | Villager (Male) |
| 4:53 | Create | Fishing Ship |
| 5:20 | Create | Villager (Male) |
| 5:20 | Create | Villager (Male) |
| 5:37 | Build | House |
| 5:47 | Create | Villager (Male) |
| 5:48 | Create | Villager (Male) |
| 5:57 | Create | Fishing Ship |
| 5:57 | Create | Fishing Ship |
| 5:57 | Create | Fishing Ship |
| 5:57 | Create | Fishing Ship |
| 5:58 | Create | Fishing Ship |
| 6:12 | Create | Villager (Male) |
| 6:13 | Create | Villager (Male) |
| 6:37 | Create | Villager (Male) |
| 6:37 | Create | Villager (Male) |
| 6:37 | Create | Villager (Male) |
| 6:44 | Build | House |
| 6:54 | Create | Fishing Ship |
| 6:54 | Create | Fishing Ship |
| 6:57 | Create | Villager (Male) |
| 7:23 | Create | Villager (Male) |
| 7:35 | Create | Fishing Ship |
| 7:35 | Create | Fishing Ship |
| 7:44 | Create | Villager (Male) |
| 7:44 | Create | Villager (Male) |
| 7:44 | Create | Villager (Male) |
| 7:55 | Create | Villager (Male) |
| 7:57 | Create | Villager (Male) |
| 7:57 | Create | Villager (Male) |
| 7:57 | Create | Villager (Male) |
| 7:57 | Create | Villager (Male) |
| 8:00 | Build | House |
| 8:09 | Create | Villager (Male) |
| 8:22 | Create | Fishing Ship |
| 8:44 | Create | Fishing Ship |
| 8:50 | Create | Villager (Male) |
| 8:50 | Create | Villager (Male) |
| 9:08 | Build | Lumber Camp |
| 9:24 | Create | Villager (Male) |
| 9:26 | Build | House |
| 9:53 | Create | Fishing Ship |
| 9:54 | Create | Fishing Ship |
| 9:56 | Create | Villager (Male) |
| 9:56 | Create | Villager (Male) |
| 10:17 | Create | Villager (Male) |
| 10:17 | Create | Fishing Ship |
| 10:24 | Create | Villager (Male) |
| 10:32 | Build | House |
| 10:36 | Create | Villager (Male) |
| 10:40 | Create | Fishing Ship |
| 11:04 | Build | House |
| 11:13 | Research | Feudal Age |
| 11:13 | Research | Feudal Age |
| 11:28 | Build | Palisade Wall |
| 11:43 | Build | Mining Camp |
| 11:45 | Create | Villager (Male) |
| 12:04 | Create | Villager (Male) |
| 12:04 | Create | Villager (Male) |
| 12:36 | Build | Dock |
| 12:47 | Build | House |
| 12:48 | Build | House |
| 12:50 | Build | House |
| 13:13 | Build | Palisade Wall |
| 13:23 | Age | Feudal Age |
| 13:28 | Create | Villager (Male) |
| 13:31 | Build | House |
| 13:38 | Research | Double-Bit Axe |
| 13:39 | Create | Unit 2626 |
| 13:39 | Create | Unit 2626 |
| 14:00 | Create | Villager (Male) |
| 14:10 | Create | Villager (Male) |
Build order — TAG_Smiley
51 actions detected in the replay
| 0:46 | Build | Town Center |
| 0:59 | Build | Dock |
| 1:25 | Build | House |
| 1:38 | Build | House |
| 2:42 | Create | Villager (Male) |
| 2:42 | Create | Villager (Male) |
| 2:42 | Create | Villager (Male) |
| 2:43 | Create | Villager (Male) |
| 2:43 | Create | Villager (Male) |
| 3:29 | Create | Villager (Male) |
| 3:31 | Create | Fishing Ship |
| 4:51 | Create | Fishing Ship |
| 5:03 | Research | Loom |
| 5:05 | Build | House |
| 5:30 | Create | Villager (Male) |
| 5:40 | Create | Villager (Male) |
| 6:00 | Create | Villager (Male) |
| 6:17 | Create | Villager (Male) |
| 6:34 | Create | Villager (Male) |
| 6:39 | Create | Fishing Ship |
| 6:56 | Build | House |
| 7:04 | Create | Villager (Male) |
| 7:09 | Build | House |
| 7:15 | Create | Villager (Male) |
| 7:48 | Create | Fishing Ship |
| 7:54 | Create | Villager (Male) |
| 8:10 | Create | Villager (Male) |
| 8:43 | Build | Settlement |
| 8:52 | Create | Villager (Male) |
| 8:52 | Create | Villager (Male) |
| 9:12 | Create | Villager (Male) |
| 9:22 | Build | House |
| 9:27 | Create | Fishing Ship |
| 9:37 | Build | Palisade Wall |
| 9:54 | Create | Villager (Male) |
| 9:57 | Create | Villager (Male) |
| 10:14 | Build | Palisade Wall |
| 10:19 | Create | Fishing Ship |
| 10:45 | Create | Villager (Male) |
| 10:59 | Create | Villager (Male) |
| 11:11 | Build | Settlement |
| 11:12 | Create | Villager (Male) |
| 11:16 | Build | House |
| 11:33 | Build | Palisade Wall |
| 11:53 | Research | Feudal Age |
| 12:07 | Build | Barracks |
| 12:10 | Create | Villager (Male) |
| 12:27 | Build | Palisade Wall |
| 13:04 | Build | Palisade Wall |
| 13:05 | Build | Palisade Wall |
| 14:10 | Age | Feudal Age |
Build order — BoyWonder_
59 actions detected in the replay
| 0:36 | Build | Dock |
| 0:49 | Build | Town Center |
| 0:59 | Build | House |
| 2:34 | Create | Villager (Male) |
| 2:35 | Create | Villager (Male) |
| 2:36 | Create | Villager (Male) |
| 2:36 | Create | Villager (Male) |
| 2:36 | Create | Villager (Male) |
| 3:29 | Create | Fishing Ship |
| 3:30 | Create | Fishing Ship |
| 4:02 | Build | House |
| 4:14 | Create | Villager (Male) |
| 4:14 | Create | Villager (Male) |
| 4:40 | Create | Villager (Male) |
| 5:03 | Create | Villager (Male) |
| 5:28 | Create | Villager (Male) |
| 5:29 | Create | Fishing Ship |
| 5:43 | Build | House |
| 5:57 | Create | Villager (Male) |
| 6:19 | Create | Villager (Male) |
| 6:22 | Create | Fishing Ship |
| 6:40 | Create | Villager (Male) |
| 6:54 | Build | House |
| 7:10 | Create | Villager (Male) |
| 7:13 | Create | Fishing Ship |
| 7:13 | Create | Fishing Ship |
| 7:34 | Create | Villager (Male) |
| 7:39 | Create | Villager (Male) |
| 7:39 | Create | Villager (Male) |
| 8:06 | Build | Lumber Camp |
| 8:07 | Create | Villager (Male) |
| 9:07 | Research | Feudal Age |
| 10:18 | Build | Mining Camp |
| 10:30 | Build | House |
| 10:36 | Build | Dock |
| 10:39 | Create | Villager (Male) |
| 10:52 | Build | Barracks |
| 11:17 | Age | Feudal Age |
| 11:21 | Create | Fire Galley |
| 11:28 | Create | Fire Galley |
| 11:28 | Create | Villager (Male) |
| 11:36 | Build | House |
| 11:43 | Create | Villager (Male) |
| 11:46 | Create | Spearman |
| 11:48 | Create | Villager (Male) |
| 11:57 | Research | Double-Bit Axe |
| 11:57 | Research | Double-Bit Axe |
| 12:05 | Create | Villager (Male) |
| 12:17 | Build | Mill |
| 12:18 | Create | Villager (Male) |
| 12:26 | Create | Fire Galley |
| 12:28 | Build | House |
| 12:42 | Create | Fire Galley |
| 12:49 | Create | Villager (Male) |
| 13:04 | Build | House |
| 13:05 | Create | Spearman |
| 13:20 | Create | Villager (Male) |
| 13:26 | Build | Mill |
| 13:49 | Create | Villager (Male) |
Match timeline
| 0:36 | BoyWonder_ · first_building Dock |
| 0:59 | TAG_Smiley · first_building Dock |
| 2:32 | DaddyWonder · first_building Dock |
| 3:18 | TAG_Sitaux · first_building Dock |
| 9:37 | TAG_Smiley · wall_segment Palisade Wall x3 |
| 10:14 | TAG_Smiley · wall_segment Palisade Wall x5 |
| 10:52 | BoyWonder_ · first_building Barracks |
| 11:17 | BoyWonder_ · age_up feudal |
| 11:28 | DaddyWonder · wall_segment Palisade Wall x13 |
| 11:33 | TAG_Smiley · wall_segment Palisade Wall x6 |
| 11:52 | TAG_Sitaux · first_building Barracks |
| 12:07 | TAG_Smiley · first_building Barracks |
| 12:27 | TAG_Smiley · wall_segment Palisade Wall x6 |
| 12:50 | TAG_Sitaux · age_up feudal |
| 13:04 | TAG_Smiley · wall_segment Palisade Wall x5 |
| 13:05 | TAG_Smiley · wall_segment Palisade Wall x3 |
| 13:13 | DaddyWonder · wall_segment Palisade Wall x1 |
| 13:23 | DaddyWonder · age_up feudal |
| 13:53 | TAG_Sitaux · resign |
| 14:10 | TAG_Smiley · age_up feudal |
[ AI ANALYSIS · 1 CREDIT ]
What really happened in this match?
Wolo.gg analyzes every decision: build order, eco, micro, common mistakes by bracket. Personalized analysis on WhatsApp or Discord in 30 seconds.
Civ guide
Aztecs
Perfil
Sitaux (TAG_Sitaux)